 Dungeon Crawl Stone Soup version 0.25.0-10-g039870ee82 (webtiles) character file.

Game seed: 15582229991609885543

882 Kold the Changer (level 8, -13/48 HPs)
             Began as an Octopode Transmuter on June 23, 2020.
             Mangled by an orc warrior
             ... wielding a +1 flail of protection
              (27 damage)
             ... on level 7 of the Dungeon.
             The game lasted 00:09:17 (7214 turns).

Kold the Changer (Octopode Transmuter)              Turns: 7214, Time: 00:09:19

Health: -13/48     AC:  1    Str:  7 (10) XL:     8   Next: 5%
Magic:  20/20      EV: 13    Int: 15 (17) God:
Gold:   339        SH:  0    Dex: 10 (12) Spells: 5/11 levels left

rFire    . . .     SeeInvis +     - Unarmed
rCold    . . .     Gourm    .   (no shield)
rNeg     + . .     Faith    .   (helmet restricted)
rPois    .         Spirit   .   x - amulet of magic regeneration
rElec    .         Reflect  .   s - ring of flight
rCorr    .         Harm     .   g - ring of positive energy
MR       .....                  n - ring of see invisible
Stlth    +++.......             t - ring of magical power
HPRegen  0.16/turn              (no ring)
MPRegen  0.42/turn              (no ring)
                                (no ring)
                                (no ring)

@: about to teleport, lightly drained
A: almost no armour, stealthy swim, amphibious, 8 rings, constrict 8, camouflage
1, gelatinous body 1
a: Evoke Flight


You were on level 7 of the Dungeon.
You were very hungry.

You visited 2 branches of the dungeon, and saw 8 of its levels.

You collected 339 gold pieces.

Inventory:

Missiles
 a - 11 arrows
Jewellery
 g - a ring of positive energy (right tentacle)
 n - a ring of see invisible (on tentacle)
 s - a ring of flight (left tentacle)
 t - a ring of magical power (on tentacle)
 x - an amulet of magic regeneration (around mantle)
Wands
 m - a wand of random effects (15)
 o - a wand of paralysis (6)
 p - a wand of polymorph (3)
Scrolls
 b - 9 scrolls of identify {unknown}
 e - 2 scrolls of remove curse {unknown}
 f - a scroll of random uselessness {unknown}
 j - a scroll of fog {unknown}
 k - a scroll of fear {unknown}
 q - a scroll of amnesia {unknown}
 r - 3 scrolls of teleportation
 u - a scroll of enchant weapon {unknown}
Potions
 d - a potion of might {unknown}
 h - a potion of mutation {unknown}
 i - 2 potions of heal wounds {unknown}
 l - 2 potions of degeneration
 v - a potion of curing {unknown}
 w - a potion of lignification {unknown}
 z - a potion of flight {unknown}
 A - a potion of magic {unknown}
Comestibles
 c - 12 rations


   Skills:
 - Level 1.0(0.8) Fighting
 - Level 2.0(1.8) Dodging
 - Level 2.0(1.8) Stealth
 + Level 6.0(5.9) Unarmed Combat
 - Level 2.0(1.8) Spellcasting
 * Level 6.2(6.0) Transmutations
 - Level 4.0(3.8) Poison Magic


You had 5 spell levels left.
You knew the following spells:

 Your Spells              Type           Power        Failure   Level  Hunger
a - Beastly Appendage     Tmut           ###...       1%          1    ##.....
b - Spider Form           Tmut/Pois      ###.......   9%          3    ####...
c - Sticks to Snakes      Tmut           ###.....     2%          2    ###....

Your spell library contained the following spells:

 Spells                   Type           Power        Failure   Level  Hunger
 Blade Hands              Tmut           ###.......   45%         5    ######.
 Ice Form                 Ice/Tmut       ##......     54%         4    #####..


Dungeon Overview and Level Annotations

Branches:
Dungeon (7/15)             Temple (1/1) D:5

Altars:
Ashenzari
Dithmenos
Elyvilon
Fedhas
Gozag
Hepliaklqana
Kikubaaqudgha
Makhleb
Nemelex Xobeh
Okawaru
Qazlal
Ru
Sif Muna
Trog
Uskayaw
Vehumet
Wu Jian
Xom
Yredelemnul
Zin
The Shining One


Innate Abilities, Weirdness & Mutations

You cannot wear most types of armour.
You are very stealthy in the water. (Stealth+)
You are amphibious.
You can wear up to eight rings at the same time.
You can use your tentacles to constrict eight enemies at once.
Your skin changes colour to match your surroundings (Stealth+).
Your rubbery body absorbs attacks. (AC +1, EV +1)


Message History

* * * LOW HITPOINT WARNING * * *
There is an open door here.
There is an escape hatch in the floor here.
The orc wizard gestures wildly while chanting.
The orc wizard flickers and vanishes for a moment.
You slide downwards.
The hatch slams shut behind you.
A worker ant, an orc and an orc wizard come into view.
The orc wizard shouts!
The worker ant twitches its antennae in your direction.
You hear a shout!
As you read the scroll labeled HEUDAP YL ZENN, it crumbles to dust.
You feel strangely unstable.
It was a scroll of teleportation.
The orc warrior closely misses you.
It was a potion of degeneration.
There was something very wrong with that liquid.
You feel weakened.
You feel dopey.
You feel clumsy. The worker ant misses you.
The orc warrior hits you with a +1 flail of protection!!
Ouch! That really hurt!
You die...

. ...
..o.#####
#....#
#...@#
#..ao#
+....+
#....#
+.....
#....#
#....#
#....#


You could see an orc warrior, a worker ant and an orc wizard.

Vanquished Creatures
  2 ogres
  A bullfrog (D:6)
  2 scorpions (D:4)
  2 hounds
  A bullfrog skeleton (D:4)
  An orc wizard (D:6)
  Ijyb (D:3)
  Terence (D:2)
  Natasha (thrice) (D:3)
  3 worker ants
  A hound skeleton (D:5)
  4 gnolls
  7 adders
  2 oozes
  4 worms
  2 dart slugs
  A leopard gecko (D:3)
  4 orcs
  7 bats
  5 giant cockroaches
  8 goblins
  15 hobgoblins
  7 jackals
  7 kobolds
  A ball python (D:2)
  7 frilled lizards
  13 rats
112 creatures vanquished.

Vanquished Creatures (collateral kills)
  An adder (D:3)
1 creature vanquished.

Grand Total: 113 creatures vanquished

Notes
Turn   | Place    | Note
-------+----------+-------------------------------------------
     0 | D:1      | Kold the Octopode Transmuter began the quest for the Orb.
     0 | D:1      | Reached XP level 1. HP: 13/13 MP: 3/3
   138 | D:1      | Reached skill level 1 in Stealth
   139 | D:1      | Reached XP level 2. HP: 4/18 MP: 5/5
   999 | D:2      | Reached XP level 3. HP: 20/23 MP: 6/6
  1238 | D:2      | Reached XP level 4. HP: 14/28 MP: 5/7
  2501 | D:2      | Noticed Terence
  2510 | D:2      | Killed Terence
  2510 | D:2      | Reached XP level 5. HP: 19/33 MP: 5/8
  3328 | D:3      | Noticed Natasha
  3336 | D:3      | Killed Natasha
  3384 | D:3      | Learned a level 3 spell: Spider Form
  3387 | D:3      | Learned a level 2 spell: Sticks to Snakes
  3417 | D:3      | Noticed Ijyb
  3428 | D:3      | Killed Ijyb
  3428 | D:3      | Reached XP level 6. HP: 34/38 MP: 5/9
  3431 | D:3      | Reached skill level 1 in Poison Magic
  3514 | D:3      | Noticed Natasha
  3521 | D:3      | Killed Natasha
  3521 | D:3      | Reached skill level 5 in Unarmed Combat
  3673 | D:3      | Noticed Natasha
  3681 | D:3      | Killed Natasha
  4888 | D:4      | Reached XP level 7. HP: 27/43 MP: 10/10
  5072 | D:4      | Reached skill level 5 in Transmutations
  5779 | D:5      | Entered Level 5 of the Dungeon
  6034 | D:5      | Found a staircase to the Ecumenical Temple.
  6060 | Temple   | Entered the Ecumenical Temple
  6346 | D:5      | Found an iron altar of Okawaru.
  6867 | D:6      | Reached XP level 8. HP: 30/48 MP: 11/11
  7214 | D:7      | Mangled by an orc warrior

Illustrated notes

Levels and vault maps discovered:
D:1:      dpeg_arrival_round_b, layout_basic
D:2:      layout_basic, first_ration, uniq_terence
D:3:      layout_loops_corners, uniq_ijyb, uniq_natasha
D:4:      layout_basic
D:5:      layout_layer_cave, kennysheep_mini, minmay_temple_entry_waves
D:6:      layout_loops_corners
D:7:      cheibrodos_steamvent, layout_basic, gammafunk_ghost_split,
          grunt_livestock
Temple:   regret_index_temple_chain_breaker

Skill      XL: |  1  2  3  4  5  6  7 |
---------------+----------------------+-----
Stealth        | 1 2 |  2.0
Transmutations | 3 4 6 |  6.2
Unarmed Combat | 4 5 6 |  6.0
Poison Magic   | 2 4 |  4.0
Fighting       | |  1.0
Dodging        | |  2.0
Spellcasting   | |  2.0

Action                   |  1- 3 |  4- 6 |  7- 9 || total
-------------------------+-------+-------+-------++-------
Melee: Unarmed           |    56 |   156 |    66 ||   278
       Constrict         |    22 |    44 |    12 ||    78
       Kick              |    10 |    37 |     4 ||    51
       Tentacles         |     9 |    24 |     9 ||    42
       Punch             |     1 |     3 |     4 ||     8
 Cast: Beastly Appendage |     7 |    22 |     6 ||    35
       Sticks to Snakes  |       |     1 |       ||     1
       Spider Form       |       |       |     3 ||     3
  Use: Scroll            |       |       |     1 ||     1
       Potion            |       |       |     1 ||     1
 Stab: Sleeping          |     8 |    12 |     2 ||    22
       Distracted        |       |     1 |       ||     1
  Eat: Chunk             |     1 |    12 |     3 ||    16
       Ration            |       |       |     1 ||     1
Armor: Skin              |     4 |     7 |     4 ||    15
Dodge: Dodged            |    34 |    86 |    40 ||   160
